 Dungeon Crawl Stone Soup version 0.31-a0-743-g45f7035092 (webtiles) character file.

Game seed: 13715550628066981667

7463 ooooo the Destroyer (level 11, -9/77 HPs)
             Began as an Octopode Conjurer on Sept 13, 2023.
             Was an Initiate of Gozag.
             Mangled by a merfolk
             ... wielding a +0 spear
              (18 damage)
             ... on level 9 of the Dungeon.
             The game lasted 00:38:26 (20064 turns).

ooooo the Destroyer (Octopode Conjurer)            Turns: 20064, Time: 00:38:27

Health: -9/77      AC:  1    Str:  6    XL:     11   Next: 15%
Magic:  1/14       EV: 15    Int: 26    God:    Gozag
Gold:   581        SH:  0    Dex: 10    Spells: 1/14 levels left

rFire   . . .        b - +3 arbalest
rCold   . . .        (shield currently unavailable)
rNeg    . . .        (helmet restricted)
rPois   +            (no amulet)
rElec   .            g - ring of wizardry
rCorr   +            i - ring of willpower
SInv    .            c - ring of resist corrosion
Will    +....        B - ring of poison resistance
Stlth   +++          (no ring)
HPRegen 0.32/turn    (no ring)
MPRegen 0.14/turn    (no ring)
                     (no ring)

%: wizardry (x1)
@: no status effects
A: almost no armour, amphibious, 8 rings, camouflage 1, gelatinous body 1,
(nimble swimmer 1), tentacles
a: Renounce Religion, Potion Petition, Call Merchant, Bribe Branch


You were on level 9 of the Dungeon.
You worshipped Gozag.
Gozag was pleased with you.
You visited 2 branches of the dungeon, and saw 10 of its levels.
You also visited: Sewer.

You collected 886 gold pieces.
You spent 195 gold pieces at shops.
You paid 110 gold pieces to Gozag.

Inventory:

Hand Weapons
 b - a +3 arbalest (weapon)
 n - the +1 dagger of Distant Shores {antimagic, rElec Stlth+}
   (You found it on level 9 of the Dungeon)

   rElec:     It insulates you from electricity.
   Stlth+:    It makes you more stealthy.
 q - a +0 dagger
 y - a +0 dagger of flaming
Missiles
 t - 3 throwing nets
 z - 4 javelins (quivered)
Armour
 G - a +2 buckler
Jewellery
 c - a ring of resist corrosion (on tentacle)
 g - a ring of wizardry (left tentacle)
 i - a ring of willpower (right tentacle)
 B - a ring of poison resistance (on tentacle)
Wands
 s - a wand of paralysis (3)
Scrolls
 d - 2 scrolls of amnesia
 j - 3 scrolls of enchant armour
 k - a scroll of poison
 o - 2 scrolls of teleportation
 r - a scroll of acquirement
 C - a scroll of immolation
 E - a scroll of fog {unknown}
 F - a scroll of vulnerability
Potions
 a - a potion of magic
 e - 2 potions of mutation
 f - 2 potions of berserk rage
 h - 2 potions of attraction
 l - 2 potions of curing
 m - a potion of resistance {unknown}
 p - 5 potions of enlightenment
 u - a potion of cancellation {unknown}
 v - 2 potions of ambrosia
 w - 3 potions of lignification {unknown}
 x - a potion of might {unknown}
 A - a potion of haste
 D - a potion of brilliance {unknown}


   Skills:
 + Level 8.0 Fighting
 + Level 8.3 Dodging
 - Level 2.6 Stealth
 - Level 2.0 Spellcasting
 - Level 13.0 Conjurations


You had one spell level left.
You knew the following spells:

 Your Spells              Type           Power      Damage    Failure   Level
a - Searing Ray           Conj           100%       2d8       1%          2
c - Fulminant Prism       Conj/Hex       18%        3d10      2%          4
d - Iskenderun's Mystic   Conj/Tloc      36%        2d9       2%          4
m - Mephitic Cloud        Conj/Pois/Air  25%        N/A       2%          3

Your spell library contained the following spells:

 Spells                   Type           Power      Damage    Failure   Level
 Magic Dart               Conj           100%       1d8       1%          1
 Shock                    Conj/Air       100%       1d9       1%          1
 Momentum Strike          Conj/Tloc      72%        3d10      1%          2
 Dazzling Flash           Conj/Hex       72%        N/A       1%          3
 Hailstorm                Conj/Ice       36%        3d9       1%          3
 Blink                    Tloc           4%         N/A       6%          2
 Call Imp                 Summ           4%         N/A       6%          2
 Lesser Beckoning         Tloc           4%         N/A       6%          2
 Gell's Gravitas          Tloc           2%         N/A       12%         3
 Swiftness                Air            2%         N/A       12%         3
 Teleport Other           Tloc           2%         N/A       12%         3
 Airstrike                Air            1%         2d(1-17)  38%         4
 Summon Ice Beast         Ice/Summ       2%         N/A       38%         4
 Dispersal                Tloc           1%         N/A       99%         6
 Simulacrum               Ice/Necr       Unusable   N/A       N/A         6

Dungeon Overview and Level Annotations

Branches:
Dungeon (9/15) Zot: 22882  Temple (1/1) D:7 Zot: 5981    Lair (0/5) D:9
  Sewer (visited)
    Orc: D:9-12

Altars:
Ashenzari
Cheibriados
Dithmenos
Elyvilon
Fedhas
Gozag
Hepliaklqana
Kikubaaqudgha
Makhleb
Nemelex Xobeh
Okawaru
Qazlal
Ru
Sif Muna
Trog
Uskayaw
Vehumet
Wu Jian
Xom
Yredelemnul
Zin
The Shining One

Shops:
D:4 [   D:7 [(!*   D:8 *

Annotations:
D:8 1 runed translucent door, runemasterragnar's ghost, novice DgSh


Innate Abilities, Weirdness & Mutations

You cannot wear most types of armour.
You are amphibious.
You can wear up to eight rings at the same time.
Your skin changes colour to match your surroundings (Stealth+).
Your rubbery body absorbs attacks. (AC +1, EV +1)
((You are camouflaged when in or above water. (Stealth+)))
You have tentacles for arms and can constrict up to eight enemies at once.


Message History

Your fulminant prism crackles loudly.
Fire: b) +3 arbalest
Press: ? - help, Q - select action, (/) - cycle Shift-Dir - straight line, f - merfolk
Aim: a merfolk, wielding a +0 spear (moderately wounded, ally target, 51% to hit)
You shoot a bolt. The bolt hits the merfolk!
The merfolk is heavily wounded.
The merfolk closely misses you.
Your fulminant prism explodes!
The blast of energy engulfs the merfolk!!
The merfolk is severely wounded.
The merfolk hits you from afar with a +0 spear.
You shoot a bolt. The bolt misses the merfolk.
The merfolk hits you from afar with a +0 spear!!
You shoot a bolt. The bolt hits the merfolk!
The merfolk is almost dead.
The merfolk hits you from afar with a +0 spear!! x2
* * * LOW HITPOINT WARNING * * *
You are too injured to fight recklessly!
Aiming: Paralyse
Press: ? - help, Shift-Dir - straight line, f/p - merfolk
Aim: a merfolk, wielding a +0 spear (almost dead, chance to affect: 31%)
The merfolk easily resists.
The merfolk hits you from afar with a +0 spear.
* * * LOW HITPOINT WARNING * * *
Unknown command.
Okay, then.
Fire: b) +3 arbalest
Press: ? - help, Q - select action, (/) - cycle Shift-Dir - straight line, f/p - merfolk
Aim: a merfolk, wielding a +0 spear (almost dead, 51% to hit)
Okay, then.
Throw: 5 javelins
Press: ? - help, Q - select action, (/) - cycle Shift-Dir - straight line, f/p - merfolk
Aim: a merfolk, wielding a +0 spear (almost dead, 50% to hit)
You throw a javelin.
The javelin pierces through the merfolk.
The merfolk is almost dead.
The merfolk completely misses you.
The merfolk hits you from afar with a +0 spear!!
You die...
Your body crumbles into a pile of gold.

#......###..#...##.# #..##.....
#..##..# #..#......# #.>##...~~
#..##..# #..#...##.# #..##...~~
....##..# #..#...##.# #..##..≈≈≈
.....##..# #..#...##.# #..##.~~≈≈
##...##..# #..#...##.# #.....~≈≈≈
#...##..###..#...##.# #.....~~≈≈
#........#...##.# #.....~≈≈≈
#'##(....m>@.##.# #.....~≈≈≈ #..
#....(#...##.###.....~~≈~ #.m
###...#...##...........~≈ #..#..
#...#...##............≈ ##..#..
#...#...##...........~≈
....#######.[.#...##..........)≈.
#.......##.[<#...##..........~..
#.......##.[.#...##.............
#.......##)..#...##......##..###


You could see a merfolk.

Vanquished Creatures
  A two-headed ogre (D:9)
  Jeremiah (D:9)
  2 trolls (D:9)
  Grinder (D:3)
  A vampire (D:9)
  A wyvern (D:9)
  7 yaks
  A water moccasin (D:5)
  7 orc warriors
  4 ice beasts
  A black bear (D:4)
  3 sky beasts
  4 wolves (D:9)
  2 centaurs (D:9)
  A phantom (D:6)
  2 bullfrogs (D:7)
  2 gnoll sergeants
  A scorpion (D:6)
  5 wights (D:7)
  3 electric eels
  12 howler monkeys
  5 hounds
  Crazy Yiuf (D:2)
  2 gnoll boudas (D:6)
  7 orc priests
  2 jellies
  Terence (D:3)
  13 orc wizards
  A sleepcap (D:7)
  An iguana (D:5)
  26 gnolls
  8 adders
  4 river rats (Sewer)
  A shadow imp (D:5)
  A white imp (D:8)
  An ufetubus (D:6)
  3 worms
  2 dart slugs
  54 orcs
  9 bats
  8 endoplasms
  8 giant cockroaches
  8 goblins
  6 hobgoblins
  13 jackals
  10 quokkas
  15 ball pythons
  3 frilled lizards
  4 kobolds
  6 rats (D:1)
285 creatures vanquished.

Vanquished Creatures (others)
  65 fulminant prisms
65 creatures vanquished.

Grand Total: 350 creatures vanquished

Notes
Turn   | Place    | Note
-------+----------+-------------------------------------------
     0 | D:1      | ooooo the Octopode Conjurer began the quest for the Orb.
     0 | D:1      | Reached XP level 1. HP: 11/11 MP: 3/3
   119 | D:1      | Reached XP level 2. HP: 17/17 MP: 1/5
   485 | D:1      | Learned a level 2 spell: Searing Ray
   767 | D:1      | Reached XP level 3. HP: 21/21 MP: 3/6
  1053 | D:1      | Reached skill level 5 in Conjurations
  1833 | D:2      | Reached XP level 4. HP: 25/27 MP: 0/7
  1913 | D:2      | Found a runed translucent door.
  1914 | D:2      | Noticed Crazy Yiuf
  2157 | D:3      | Reached skill level 6 in Conjurations
  2159 | D:3      | Reached XP level 5. HP: 31/31 MP: 3/8
  2253 | D:3      | Noticed Terence
  2276 | D:3      | Killed Terence
  2401 | D:3      | Noticed Grinder
  2442 | D:3      | Killed Grinder
  2443 | D:3      | Reached skill level 7 in Conjurations
  2443 | D:3      | Reached XP level 6. HP: 22/36 MP: 1/9
  2630 | D:3      | Found a glowing drain.
  2642 | Sewer    | Entered a sewer
  3305 | Sewer    | Reached skill level 8 in Conjurations
  3702 | Sewer    | Reached XP level 7. HP: 36/41 MP: 4/10
  4534 | Sewer    | Identified a scroll of acquirement
  4534 | Sewer    | Acquired a book of Air
  5657 | D:3      | Reached skill level 9 in Conjurations
  6959 | D:3      | Reached XP level 8. HP: 29/46 MP: 4/11
  7139 | D:3      | Reached skill level 10 in Conjurations
  7675 | D:4      | Found Pufizid's Antique Armour Emporium.
  8896 | D:2      | Killed Crazy Yiuf
  8994 | D:5      | Entered Level 5 of the Dungeon
  9098 | D:5      | Found a shimmering blue altar of Sif Muna.
  9137 | D:5      | Reached skill level 11 in Conjurations
  9857 | D:5      | Found a glowing silver altar of Zin.
 10420 | D:5      | Found a shimmering blue altar of Sif Muna.
 10958 | D:5      | Found a glowing silver altar of Zin.
 11111 | D:5      | Learned a level 4 spell: Fulminant Prism
 11116 | D:5      | Learned a level 4 spell: Iskenderun's Mystic Blast
 11142 | D:6      | Reached XP level 9. HP: 20/51 MP: 1/12
 11373 | D:6      | Reached skill level 12 in Conjurations
 12453 | D:6      | Reached skill level 1 in Fighting
 13173 | D:7      | Found Movemistre's Distillery.
 13180 | D:7      | Bought a potion of heal wounds for 65 gold pieces
 13793 | D:7      | Found Abau's Antique Weapon Shop.
 13828 | D:7      | Reached skill level 13 in Conjurations
 13896 | D:7      | Reached XP level 10. HP: 58/63 MP: 4/13
 13985 | D:7      | Found Curch's Antique Armour Boutique.
 14068 | D:7      | Learned a level 3 spell: Mephitic Cloud
 14109 | D:7      | Found a staircase to the Ecumenical Temple.
 14118 | Temple   | Entered the Ecumenical Temple
 14127 | Temple   | Became a worshipper of Gozag Ym Sagoz the Greedy
 14176 | D:7      | Bought a potion of haste for 130 gold pieces
 14305 | D:7      | Found Jokana Leje's General Store.
 14766 | D:8      | Reached skill level 5 in Dodging
 15050 | D:8      | Found Aloac's Assorted Antiques.
 15059 | D:8      | Found a runed translucent door.
 15059 | D:8      | Noticed a deep elf pyromancer
 15060 | D:8      | Noticed runemasterragnar's ghost (novice DgSh)
 15197 | D:8      | Reached skill level 5 in Fighting
 16016 | D:9      | Noticed a two-headed ogre
 16255 | D:9      | Noticed Jeremiah
 16968 | D:9      | Identified the +1 dagger of Distant Shores {antimagic,
                  | rElec Stlth+}
 17012 | D:9      | Killed Jeremiah
 17866 | D:9      | Killed a two-headed ogre
 18111 | D:9      | Reached XP level 11. HP: 75/75 MP: 5/14
 18933 | D:9      | Found a staircase to the Lair.
 20064 | D:9      | Mangled by a merfolk

Illustrated notes

Levels and vault maps discovered:
D:1:      heliophobic_arrival_henge, layout_basic
D:2:      layout_rooms, corexii_corridor_pit, kennysheep_generic_room_11,
          uniq_crazy_yiuf_cottage
D:3:      lemuel_castle_with_subvaults [lemuel_castle_interior_carwin_2],
          layout_rooms, portal_sewer_entry_f, uniq_grinder, uniq_terence
D:4:      layout_layer_cave, serial_shops, nicolae_shop_statue_plus,
          kennysheep_pointless_box
D:5:      layout_loops_ring, nicolae_overflow_hidden_temple,
          mainiacjoe_overflow_concentric_impassable
D:6:      layout_layer_cave
D:7:      layout_cave_pools, minmay_temple_entry_sparse_star, serial_shops,
          nicolae_shop_window_shopping, nicolae_shop_behind_doors, shop_statue,
          nicolae_inconvenience_store, supply_closet_lemuel
D:8:      layout_loops_ring, ebering_ghost_inner_flame, serial_shops, shop
D:9:      layout_long_grid, erik_lair_island, hangedman_fish_farm, uniq_jeremiah
Temple:   nicolae_temple_bog_church

Skill      XL: |  1  2  3  4  5  6  7  8  9 10 11 |
---------------+----------------------------------+-----
Conjurations   | 5 6 7 8 9 11 13 | 13.0
Fighting       | 3 7 8 |  8.0
Dodging        | 4 7 8 |  8.3
Stealth        | |  2.6
Spellcasting   | |  2.0

Action                     |  1- 3 |  4- 6 |  7- 9 | 10-12 || total
---------------------------+-------+-------+-------+-------++-------
  Melee: Unarmed           |       |    25 |     2 |       ||    27
         Tentacles         |       |     8 |    11 |     6 ||    25
         Constrict         |       |     5 |     8 |     2 ||    15
         Dagger            |       |       |    39 |    15 ||    54
         Punch             |       |       |     1 |       ||     1
   Fire: Arbalest          |       |       |    70 |   114 ||   184
  Throw: Throwing net      |       |       |     2 |       ||     2
         Javelin           |       |       |       |     1 ||     1
   Cast: Magic Dart        |    27 |       |       |       ||    27
         Searing Ray       |    20 |    33 |    95 |    16 ||   164
         Iskenderun's Myst |       |       |     9 |     3 ||    12
         Fulminant Prism   |       |       |    17 |    48 ||    65
         Mephitic Cloud    |       |       |       |     3 ||     3
  Evoke: Wand              |       |       |     4 |     8 ||    12
    Use: Scroll            |       |     4 |    15 |     2 ||    21
         Potion            |       |       |     3 |     4 ||     7
   Stab: Distracted        |       |       |     1 |       ||     1
         Sleeping          |       |       |     4 |       ||     4
         Paralysed         |       |       |       |     4 ||     4
 Armour: Skin              |     3 |    38 |    86 |    75 ||   202
  Dodge: Dodged            |     1 |    59 |    72 |    64 ||   196

Table legend: (Time is in decaauts)
 A = Elapsed time spent in this place.
 B = Non-inter-level travel time spent in this place.
 C = Inter-level travel time spent in this place.
 D = Time resting spent in this place.
 E = Time spent auto-exploring this place.
 F = Levels seen in this place.
 G = Mean time per level.
                   A        B        C        D        E       F      G
               +--------+--------+--------+--------+--------+-----+--------+
         Total |  20211 |  19721 |    490 |   7772 |   9176 |  11 | 1837.4 |
       Dungeon |  18272 |  17790 |    482 |   6517 |   8779 |   9 | 2030.2 |
        Temple |     18 |     10 |      8 |      0 |      0 |   1 |   18.0 |
         Sewer |   1920 |   1920 |      0 |   1255 |    397 |   1 | 1920.0 |
               +--------+--------+--------+--------+--------+-----+--------+

Top non-repeatable levels by time:
     D:3: 3431 daAuts
     D:9: 3133 daAuts
     D:8: 2474 daAuts
     D:5: 2337 daAuts
     D:6: 2020 daAuts
   Sewer: 1920 daAuts
     D:4: 1376 daAuts
     D:7: 1230 daAuts
     D:1: 1229 daAuts
     D:2: 1037 daAuts
  Temple: 18 daAuts
